 Dungeon Crawl Stone Soup version 0.32-a0-407-g4da7c8d (webtiles) character file.

Game seed: 16457293946083407011

2916 jagoly the Slicer (level 9, -1/68 HPs)
             Began as a Mummy Brigand on Feb 20, 2024.
             Was an Elder of Uskayaw.
             Slain by a centaur
             ... wielding a +0 trident
              (8 damage)
             ... in a bailey.
             The game lasted 00:41:50 (7128 turns).

jagoly the Slicer (Mummy Brigand)                   Turns: 7128, Time: 00:41:51

Health: -1/68      AC: 16    Str: 14    XL:     9   Next: 50%
Magic:  4/9        EV: 11    Int: 16    God:    Uskayaw [****..]
Gold:   342        SH:  7    Dex: 18    Spells: 8/8 levels left

rFire   x . .        a - +2 dagger
rCold   + . .        v - +2 buckler
rNeg    + + +        E - +3 ring mail
rPois   ∞            B - +0 helmet
rElec   .            c - +1 cloak
rCorr   .            q - +0 pair of gloves
SInv    .            r - +2 pair of boots
Will    +....        u - amulet of regeneration
Stlth   ++           p - +6 ring of intelligence
HPRegen 1.11/turn    C - ring of wizardry
MPRegen 0.11/turn

%: faith, wizardry (x1)
@: no status effects
A: cold resistance 1, negative energy resistance 3, torment resistance 2, heat
vulnerability 1, in touch with death 1, no potions, faith
a: Renounce Religion, Stomp, Line Pass


You were in a bailey.
You worshipped Uskayaw.
Uskayaw was noncommittal.
You visited 2 branches of the dungeon, and saw 8 of its levels.
You also visited: Bailey.

You collected 439 gold pieces.
You spent 97 gold pieces at shops.

Inventory:

Hand Weapons
 a - a +2 dagger (weapon)
 b - a +0 sling
 j - a +0 rapier
 k - a +0 orcbow
Missiles
 d - 22 poisoned darts
 e - 2 curare-tipped darts
 f - 31 stones
Armour
 c - a +1 cloak (worn)
 q - a +0 pair of gloves (worn)
 r - a +2 pair of boots (worn)
 v - a +2 buckler (worn)
 A - a +2 animal skin
 B - a +0 helmet (worn)
 E - a +3 ring mail (worn)
Jewellery
 p - a +6 ring of intelligence (left hand)
 u - an amulet of regeneration (around neck)
 C - a ring of wizardry (right hand)
Wands
 y - a wand of roots (5)
 D - a wand of mindburst (7)
Scrolls
 g - 2 scrolls of enchant weapon
 h - a scroll of revelation {unknown}
 i - 5 scrolls of enchant armour
 l - a scroll of identify
 m - 2 scrolls of summoning
 n - 2 scrolls of vulnerability
 o - 2 scrolls of fog
 s - a scroll of immolation {unknown}
 t - a scroll of brand weapon {unknown}
 w - a scroll of noise {unknown}
 x - a scroll of amnesia
 z - a scroll of silence {unknown}


   Skills:
 - Level 5.0 Fighting
 + Level 8.7 Short Blades
 - Level 1.5 Throwing
 - Level 3.0 Armour
 - Level 3.0 Dodging
 - Level 4.0 Stealth
 - Level 3.0 Shields


You had 8 spell levels left.
You didn't know any spells.
Your spell library contained the following spells:

 Spells                   Type           Power      Damage    Failure   Level
 Apportation              Tloc           0%         N/A       26%         1
 Necrotise                Necr           0%         1d4       26%         1
 Sting                    Conj/Alch      0%         1d3       26%         1
 Summon Small Mammal      Summ           0%         N/A       26%         1
 Summon Forest            Summ/Tloc      0%         N/A       99%         5
 Summon Mana Viper        Hex/Summ       0%         N/A       99%         5
 Summon Cactus Giant      Summ           0%         N/A       100%        6


Dungeon Overview and Level Annotations

Branches:
Dungeon (7/15) Zot: 26530  Temple (1/1) D:6 Zot: 5969  Bailey (1/1) Zot: 5062

Altars:
Ashenzari
Cheibriados
Dithmenos
Fedhas
Gozag
Hepliaklqana
Kikubaaqudgha
Makhleb
Nemelex Xobeh
Okawaru
Qazlal
Sif Muna
Trog
Uskayaw
Vehumet
Xom

Shops:
D:1 [   D:5 !   D:7 *:(

Annotations:
D:5 exclusion: ogre
D:7 3 runed translucent doors, Dowan; Duvessa; Lovepenguin's ghost, novice DgHu; edsrzf's ghost, novice CoGl


Innate Abilities, Weirdness & Mutations

You are immune to poison.
Your flesh is cold resistant. (rC+)
You are immune to negative energy. (rN+++)
You are immune to unholy pain and torment.
You are vulnerable to heat. (rF-)
You are in touch with the powers of death.
You do not drink.
You have a special connection with the divine. (Faith)


Message History

The centaur throws a javelin.
The javelin pierces through you.
The centaur throws a javelin.
The javelin misses you.
You shoot a sling bullet.
The sling bullet hits the centaur but does no damage.
The centaur is almost dead.
The centaur throws a javelin.
The javelin pierces through you but does no damage.
The centaur throws a javelin.
The javelin closely misses you.
You can no longer pass through a line of other dancers.
You shoot a sling bullet.
The sling bullet hits the centaur but does no damage.
The centaur is almost dead.
You shoot a sling bullet. The sling bullet hits the centaur.
You kill the centaur!
No target in view!
No target in view!
The centaur throws a javelin.
The javelin barely misses you.
You shoot a sling bullet.
The sling bullet hits the centaur but does no damage.
The centaur throws a javelin.
The javelin pierces through you!
The centaur throws a javelin.
The javelin pierces through you.
You shoot a sling bullet. The sling bullet hits the centaur.
The centaur is lightly wounded.
You shoot a sling bullet.
The sling bullet hits the centaur but does no damage.
The centaur is lightly wounded.
You shoot a sling bullet.
The sling bullet closely misses the centaur.
You shoot a sling bullet. The sling bullet hits the centaur.
The centaur is moderately wounded.
You shoot a sling bullet. The sling bullet hits the centaur.
The centaur is moderately wounded.
You can now pass through a line of other dancers.
You shoot a sling bullet.
The sling bullet hits the centaur but does no damage.
The centaur is moderately wounded.
The centaur throws a javelin.
The javelin pierces through you but does no damage.
You shoot a sling bullet.
The sling bullet hits the centaur but does no damage.
The centaur is moderately wounded.
You shoot a sling bullet. The sling bullet hits the centaur.
The centaur is heavily wounded.
The centaur throws a javelin.
The javelin pierces through you but does no damage.
You shoot a sling bullet.
The sling bullet hits the centaur but does no damage.
The centaur is heavily wounded.
You shoot a sling bullet. The sling bullet hits the centaur.
The centaur is severely wounded.
The centaur throws a javelin.
The javelin pierces through you.
You shoot a sling bullet.
The sling bullet hits the centaur but does no damage.
The centaur is severely wounded.
You shoot a sling bullet.
The sling bullet hits the centaur but does no damage.
The centaur is severely wounded.
The centaur throws a javelin.
The javelin pierces through you but does no damage.
You shoot a sling bullet.
The sling bullet closely misses the centaur.
The centaur throws a javelin.
The javelin pierces through you.
You shoot a sling bullet.
The sling bullet hits the centaur but does no damage.
The centaur is heavily wounded.
You shoot a sling bullet.
The sling bullet barely misses the centaur.
The centaur throws a javelin.
The javelin pierces through you!
You can no longer pass through a line of other dancers.
You shoot a sling bullet.
The sling bullet hits the centaur but does no damage.
The centaur is heavily wounded.
An orc warrior comes into view. It is wielding a +0 trident.
The centaur throws a javelin.
The javelin pierces through you.
You shoot a sling bullet.
The sling bullet barely misses the centaur.
The orc warrior shouts!
You hear a shout!
You shoot a sling bullet. The sling bullet hits the centaur.
The centaur is almost dead.
The centaur throws a javelin.
The javelin closely misses you.
You shoot a sling bullet.
The sling bullet hits the centaur but does no damage.
The centaur is almost dead.
The centaur throws a javelin.
The javelin misses you.
There is an open gate here.
Throw: 22 darts (poison)
Press: ? - help, Shift-Dir - straight line, f - orc warrior
Aim: an orc warrior, wielding a +0 trident and wearing a +0 ring mail (53% to hit)
You throw a poisoned dart.
The poisoned dart barely misses the orc warrior.
Throw: 21 darts (poison)
Press: ? - help, Shift-Dir - straight line, f/p - orc warrior
Aim: an orc warrior, wielding a +0 trident and wearing a +0 ring mail (53% to hit)
You throw a poisoned dart.
The poisoned dart misses the orc warrior.
The orc warrior hits you from afar with a +0 trident!
Throw: 20 darts (poison)
Press: ? - help, Shift-Dir - straight line, f/p - orc warrior
Aim: an orc warrior, wielding a +0 trident and wearing a +0 ring mail (53% to hit)
You throw a poisoned dart.
The poisoned dart closely misses the orc warrior.
You block the orc warrior's attack.
Throw: 19 darts (poison)
Press: ? - help, Shift-Dir - straight line, f/p - orc warrior
Aim: an orc warrior, wielding a +0 trident and wearing a +0 ring mail (53% to hit)
You throw a poisoned dart.
The poisoned dart barely misses the orc warrior.
The orc warrior barely misses you.
Throw: 18 darts (poison)
Press: ? - help, Shift-Dir - straight line, f/p - orc warrior
Aim: an orc warrior, wielding a +0 trident and wearing a +0 ring mail (53% to hit)
You throw a poisoned dart.
The poisoned dart closely misses the orc warrior.
You block the orc warrior's attack.
Throw: 17 darts (poison)
Press: ? - help, Shift-Dir - straight line, f/p - orc warrior
Aim: an orc warrior, wielding a +0 trident and wearing a +0 ring mail (53% to hit)
You throw a poisoned dart. The poisoned dart hits the orc warrior.
The orc warrior is poisoned.
The orc warrior hits you from afar with a +0 trident.
Throw: 16 darts (poison)
Press: ? - help, Shift-Dir - straight line, f/p - orc warrior
Aim: an orc warrior, wielding a +0 trident and wearing a +0 ring mail (lightly wounded, poisoned, 53% to hit)
You throw a poisoned dart.
The poisoned dart barely misses the orc warrior.
The orc warrior hits you from afar with a +0 trident.
Throw: 15 darts (poison)
Press: ? - help, Shift-Dir - straight line, f/p - orc warrior
Aim: an orc warrior, wielding a +0 trident and wearing a +0 ring mail (lightly wounded, poisoned, 53% to hit)
You throw a poisoned dart.
The poisoned dart barely misses the orc warrior.
The orc warrior barely misses you.
Throw: 14 darts (poison)
Press: ? - help, Shift-Dir - straight line, f/p - orc warrior
Aim: an orc warrior, wielding a +0 trident and wearing a +0 ring mail (lightly wounded, poisoned, 53% to hit)
You throw a poisoned dart.
The poisoned dart closely misses the orc warrior.
The orc warrior hits you but does no damage.
Throw: 13 darts (poison)
Press: ? - help, Shift-Dir - straight line, f/p - orc warrior
Aim: an orc warrior, wielding a +0 trident and wearing a +0 ring mail (lightly wounded, poisoned, 53% to hit)
You throw a poisoned dart.
The poisoned dart closely misses the orc warrior.
The orc warrior hits you from afar with a +0 trident!
Throw: 12 darts (poison)
Press: ? - help, Shift-Dir - straight line, f/p - orc warrior
Aim: an orc warrior, wielding a +0 trident and wearing a +0 ring mail (moderately wounded, poisoned, 53% to hit)
You throw a poisoned dart. The poisoned dart hits the orc warrior.
The orc warrior looks even sicker.
The orc warrior is moderately wounded.
The orc warrior hits you from afar with a +0 trident.
Throw: 11 darts (poison)
Press: ? - help, Shift-Dir - straight line, f/p - orc warrior
Aim: an orc warrior, wielding a +0 trident and wearing a +0 ring mail (moderately wounded, very poisoned, 53% to hit)
You throw a poisoned dart.
The poisoned dart closely misses the orc warrior.
The orc warrior closely misses you.
Throw: 10 darts (poison)
Press: ? - help, Shift-Dir - straight line, f/p - orc warrior
Aim: an orc warrior, wielding a +0 trident and wearing a +0 ring mail (moderately wounded, very poisoned, 53% to hit)
You throw a poisoned dart. The poisoned dart hits the orc warrior.
The orc warrior looks even sicker.
The orc warrior is moderately wounded.
The orc warrior hits you from afar with a +0 trident!
Throw: 9 darts (poison)
Press: ? - help, Shift-Dir - straight line, f/p - orc warrior
Aim: an orc warrior, wielding a +0 trident and wearing a +0 ring mail (moderately wounded, very poisoned, 53% to hit)
You throw a poisoned dart. The poisoned dart hits the orc warrior.
The orc warrior looks as sick as possible!
The orc warrior is moderately wounded.
The orc warrior hits you but does no damage.
a - a +2 dagger (weapon)
The orc warrior misses you.
You closely miss the orc warrior.
The orc warrior is moderately wounded.
The orc warrior hits you but does no damage.
You hit the orc warrior but do no damage.
The orc warrior is moderately wounded.
You block the orc warrior's attack.
You hit the orc warrior.
The orc warrior is heavily wounded.
You hit the orc warrior but do no damage.
The orc warrior is heavily wounded.
The orc warrior closely misses you.
You hit the orc warrior.
The orc warrior is severely wounded.
You hit the orc warrior.
The orc warrior is severely wounded.
The orc warrior hits you with a +0 trident.
You barely miss the orc warrior.
The orc warrior is severely wounded.
The orc warrior barely misses you.
You hit the orc warrior but do no damage.
The orc warrior is severely wounded.
You hit the orc warrior.
The orc warrior is almost dead.
The orc warrior hits you but does no damage.
You hit the orc warrior but do no damage.
The orc warrior is almost dead.
You block the orc warrior's attack.
You barely miss the orc warrior.
The orc warrior is almost dead.
You hit the orc warrior but do no damage.
The orc warrior is almost dead.
You kill the orc warrior!
No target in view!
b - a +0 sling (weapon)
You start resting.
HP restored.
You start resting.
HP restored.
d - 21 poisoned darts (gained 13)
Things that are here:
a +0 trident; a +0 ring mail
d - 22 poisoned darts (gained 1)
The centaur throws a javelin.
The javelin barely misses you.
You shoot a sling bullet.
The sling bullet hits the centaur but does no damage.
The centaur is heavily wounded.
The centaur barely misses you.
The centaur hits you from afar with a +3 trident!
You shoot a sling bullet.
The sling bullet closely misses the centaur.
The centaur throws a javelin.
The javelin pierces through you.
You shoot a sling bullet. The sling bullet hits the centaur.
The centaur is heavily wounded.
You shoot a sling bullet.
The sling bullet barely misses the centaur.
The centaur throws a javelin.
The javelin barely misses you.
The centaur throws a javelin.
The javelin pierces through you but does no damage.
You shoot a sling bullet. The sling bullet hits the centaur.
The centaur is heavily wounded.
The centaur throws a javelin.
The javelin barely misses you.
You shoot a sling bullet.
The sling bullet hits the centaur but does no damage.
The centaur is heavily wounded.
You shoot a sling bullet. The sling bullet hits the centaur.
The centaur is severely wounded.
The centaur throws a javelin.
The javelin barely misses you.
You shoot a sling bullet.
The sling bullet hits the centaur but does no damage.
The centaur is severely wounded.
The centaur throws a javelin.
The javelin pierces through you but does no damage.
You shoot a sling bullet.
The sling bullet barely misses the centaur.
You shoot a sling bullet.
The sling bullet closely misses the centaur.
The centaur throws a javelin.
The javelin closely misses you.
You shoot a sling bullet.
The sling bullet hits the centaur but does no damage.
The centaur is severely wounded.
The centaur throws a javelin.
The javelin misses you.
The centaur throws a javelin.
The javelin pierces through you.
You shoot a sling bullet. The sling bullet hits the centaur.
The centaur is almost dead.
The centaur throws a javelin.
The javelin barely misses you.
You shoot a sling bullet.
The sling bullet closely misses the centaur.
The centaur throws a javelin.
The javelin pierces through you but does no damage.
You shoot a sling bullet.
The sling bullet hits the centaur but does no damage.
The centaur is almost dead.
The centaur throws a javelin.
The javelin closely misses you.
You shoot a sling bullet. The sling bullet hits the centaur.
You kill the centaur!
No target in view!
No target in view!
A centaur comes into view. It is wielding a +0 spear.
The centaur shouts!
You shoot a sling bullet.
The sling bullet barely misses the centaur.
You shoot a sling bullet.
The sling bullet barely misses the centaur.
A centaur comes into view. It is wielding a +0 trident.
The centaur throws a javelin.
The javelin pierces through you but does no damage.
The centaur moves out of view.
a - a +2 dagger (weapon)
The centaur hits you but does no damage.
A centaur comes into view. It is wielding a +0 trident.
The centaur shouts!
You hit the centaur but do no damage.
You hear a shout! x3
The centaur closely misses you. You block the centaur's attack.
You hear a shout!
You hit the centaur but do no damage. The centaur barely misses you.
You block the centaur's attack.
An orc comes into view. It is wielding a +0 halberd.
You hit the centaur.
The centaur is moderately wounded.
The centaur hits you but does no damage.
You block the centaur's attack.
You hit the centaur but do no damage.
The centaur is moderately wounded.
The centaur hits you but does no damage.
The centaur barely misses you.
You barely miss the centaur.
The centaur is moderately wounded.
The centaur hits you but does no damage.
You block the centaur's attack.
An orc warrior comes into view. It is wielding a +0 glaive.
The centaur throws a javelin.
The javelin barely misses you.
You hit the centaur but do no damage.
The centaur is moderately wounded.
The centaur hits you with a +0 spear.
The centaur kicks you but does no damage.
The centaur throws a javelin.
The javelin pierces through you!
You hit the centaur but do no damage.
The centaur is moderately wounded.
The centaur hits you with a +0 spear. You block the centaur's attack.
The centaur hits you from afar with a +0 trident.
Unknown command.
You hit the centaur but do no damage.
The centaur is moderately wounded.
The centaur hits you but does no damage.
The centaur closely misses you.
The centaur hits you from afar with a +0 trident.
You hit the centaur.
The centaur is moderately wounded.
The centaur throws a javelin.
The javelin closely misses you. You block the centaur's attack.
The centaur misses you.
You hit the centaur.
The centaur is heavily wounded.
The centaur barely misses you. The centaur closely misses you.
The centaur hits you but does no damage.
The centaur closely misses you. You block the centaur's attack.
The centaur hits you with a +0 trident. The centaur barely misses you.
You stomp with the beat, sending a shockwave through the revellers around you!
The centaur is severely wounded.
The centaur is moderately wounded.
You can no longer stomp with the beat.
You block the centaur's attack.
The centaur kicks you but does no damage.
The centaur hits you with a +0 spear.
The centaur kicks you but does no damage.
You block the centaur's attack. The centaur kicks you.
The centaur barely misses you.
The centaur kicks you but does no damage.
You can now stomp with the beat.
You stomp with the beat, sending a shockwave through the revellers around you!
The centaur is severely wounded.
The centaur is heavily wounded.
You can no longer stomp with the beat.
The centaur hits you with a +0 spear. The centaur barely misses you.
You block the centaur's attack.
The centaur kicks you but does no damage.
You can now stomp with the beat.
Hit: a) +2 dagger
Press: ? - help, Dir - move target, f/p - centaur
Aim: a centaur, wielding a +0 spear, wearing a +0 chain mail and quivering javelins (severely wounded, about 15% to evade your +2 dagger)
The centaur shouts!
You hit the centaur but do no damage.
The centaur is severely wounded.
The centaur barely misses you. The centaur closely misses you.
The centaur hits you but does no damage.
The centaur completely misses you.
Hit: a) +2 dagger
Press: ? - help, Dir - move target, f/p - centaur
Aim: a centaur, wielding a +0 spear, wearing a +0 chain mail and quivering javelins (severely wounded, about 15% to evade your +2 dagger)
You hit the centaur.
The centaur is almost dead.
The centaur barely misses you.
The centaur kicks you but does no damage.
The centaur hits you but does no damage.
The centaur barely misses you.
An orc comes into view. It is wielding a +0 spear.
Hit: a) +2 dagger
Press: ? - help, Dir - move target, f/p - centaur
Aim: a centaur, wielding a +0 spear, wearing a +0 chain mail and quivering javelins (almost dead, about 15% to evade your +2 dagger)
You hit the centaur but do no damage.
The centaur is almost dead.
The centaur hits you but does no damage.
You block the centaur's attack. The centaur closely misses you. x2
Hit: a) +2 dagger
Press: ? - help, Dir - move target, f/p - centaur
Aim: a centaur, wielding a +0 spear, wearing a +0 chain mail and quivering javelins (almost dead, about 15% to evade your +2 dagger)
You hit the centaur but do no damage.
The centaur is almost dead.
The centaur closely misses you. You block the centaur's attack. x2
The centaur closely misses you.
Hit: a) +2 dagger
Press: ? - help, Dir - move target, f/p - centaur
Aim: a centaur, wielding a +0 spear, wearing a +0 chain mail and quivering javelins (almost dead, about 15% to evade your +2 dagger)
You barely miss the centaur.
The centaur is almost dead.
You block the centaur's attack. The centaur completely misses you.
You block the centaur's attack.
The centaur kicks you but does no damage.
Hit: a) +2 dagger
Press: ? - help, Dir - move target, f/p - centaur
Aim: a centaur, wielding a +0 spear, wearing a +0 chain mail and quivering javelins (almost dead, about 15% to evade your +2 dagger)
You barely miss the centaur.
The centaur is almost dead.
The centaur barely misses you.
Hit: a) +2 dagger
Press: ? - help, Dir - move target, f/p - centaur
Aim: a centaur, wielding a +0 spear, wearing a +0 chain mail and quivering javelins (almost dead, about 15% to evade your +2 dagger)
You hit the centaur.
The centaur is almost dead.
The centaur hits you but does no damage.
The centaur kicks you. The centaur hits you with a +0 spear.
You block the centaur's attack. x2
Hit: a) +2 dagger
Press: ? - help, Dir - move target, f/p - centaur
Aim: a centaur, wielding a +0 spear, wearing a +0 chain mail and quivering javelins (almost dead, about 15% to evade your +2 dagger)
You hit the centaur but do no damage.
The centaur is almost dead.
The centaur hits you with a +0 trident! The centaur closely misses you.
You block the centaur's attack. The centaur misses you.
The centaur hits you from afar with a +0 trident.
* * * LOW HITPOINT WARNING * * *
Hit: a) +2 dagger
Press: ? - help, Dir - move target, f/p - centaur
Aim: a centaur, wielding a +0 spear, wearing a +0 chain mail and quivering javelins (almost dead, about 15% to evade your +2 dagger)
You barely miss the centaur.
The centaur is almost dead.
The centaur hits you with a +0 trident!
* * * LOW HITPOINT WARNING * * *
The centaur kicks you but does no damage.
The centaur closely misses you. You block the centaur's attack.
The centaur throws a javelin.
The javelin pierces through you but does no damage.
The javelin closely misses the centaur.
Aiming: Fastroot
Press: ? - help, Shift-Dir - straight line, f - centaur, p - centaur
Aim: a centaur, wielding a +0 trident, wearing a +0 chain mail and quivering javelins The roots erupt in riotous growth!
Roots grab the centaur. x2; Roots grab the orc.
The grasping roots constrict the centaur.
The grasping roots constrict the orc.
The grasping roots constrict the centaur.
The centaur hits you with a +0 trident!
* * * LOW HITPOINT WARNING * * *
You block the centaur's attack. The centaur closely misses you.
You block the centaur's attack.
The centaur hits you from afar with a +0 trident.
* * * LOW HITPOINT WARNING * * *
The orc struggles to escape constriction.
The centaur hits you but does no damage.
The centaur kicks you but does no damage.
The centaur hits you with a +0 trident!
* * * LOW HITPOINT WARNING * * *
The centaur misses you.
You can now pass through a line of other dancers.
Unknown command.
Unknown command.
Okay, then.
Aiming: Mindburst
Press: ? - help, Shift-Dir - straight line, f - centaur, p - centaur
Aim: a centaur, wielding a +0 spear, wearing a +0 chain mail and quivering javelins (almost dead, chance to affect: 64%)
The centaur struggles to resist.
The grasping roots constrict the centaur.
The grasping roots constrict the orc!
You kill the orc!
The grasping roots constrict the centaur!
The roots release their grip on the centaur. x2
The centaur hits you from afar with a +0 trident.
* * * LOW HITPOINT WARNING * * *
You block the centaur's attack. x2
The centaur hits you but does no damage.
The centaur barely misses you.
An orc warrior comes into view. It is wielding a +0 bardiche.
The centaur closely misses you.
Uskayaw will force your foes to helplessly watch your dance.
Uskayaw prepares the audience for your solo!
The helpless centaur fails to defend itself.
You perforate the centaur like a sieve!!!
You kill the centaur!
The helpless centaur fails to defend itself.
You stick the centaur like a pincushion!!!
You kill the centaur!
The orc warrior is no longer paralysed. x2; The centaur is no longer paralysed.
The centaur hits you but does no damage.
Uskayaw will force your foes to share their pain.
Uskayaw links your audience in an emotional bond!
Unknown command.
Unknown command.
Unknown command.
Unknown command.
Unknown command.
The orc is no longer paralysed.
The centaur closely misses you. The centaur kicks you.
* * * LOW HITPOINT WARNING * * *
Unknown command.
Unknown command.
Throw: 2 darts (curare)
Press: ? - help, Shift-Dir - straight line, f - centaur
Aim: a centaur, wielding a +0 trident, wearing a +0 chain mail and quivering javelins (moderately wounded, sharing its pain, 79% to hit)
Okay, then.
Aiming: Mindburst
Press: ? - help, Shift-Dir - straight line, f - centaur
Aim: a centaur, wielding a +0 trident, wearing a +0 chain mail and quivering javelins (moderately wounded, sharing its pain, chance to affect: 64%)
The centaur struggles to resist.
The centaur is no longer sharing its pain.
The centaur hits you with a +0 trident!
You die...
Your body falls in perfect tune with the rhythm.

..#####...≈≈≈~~~~~≈≈≈..
..'.))...≈≈≈~≈≈≈≈≈~~≈≈o.
..'......≈≈≈~~))?≈≈≈~~..
..'.)....≈≈≈~≈≈≈≈≈~~≈≈..
..#####...≈≈≈~~oo~≈≈≈...
..#≈≈.≈≈....≈≈≈≈≈≈≈....≈
..#≈≈≈)≈........)......≈
..#≈≈≈)≈≈.⌠...)..c).⌠.≈≈
..#≈≈≈≈.≈.......@.....≈.
..#≈≈≈≈.≈≈≈.........≈≈≈.
..#≈≈≈≈≈..≈≈≈.....≈≈≈..≈
..#≈≈≈≈≈≈≈..≈≈≈≈≈≈≈..≈≈≈
.###≈≈≈≈≈≈≈≈.......≈≈≈≈≈
## #≈≈≈≈≈≈≈≈≈≈≈≈≈≈≈≈≈≈≈
# ≈≈≈≈≈≈≈≈≈≈≈≈≈≈≈≈
###############


You could see 2 orc warriors, a centaur and an orc (pain bonded).

Vanquished Creatures
  A steam dragon (D:6)
  3 water moccasins (D:6)
  An ice beast (D:6)
  3 orc warriors (Bailey)
  A black bear (D:5)
  An ogre (D:7)
  A phantom (D:5)
  10 centaurs
  2 bullfrogs
  2 scorpions (D:5)
  2 howler monkeys
  A bombardier beetle (D:6)
  3 orc priests
  3 hounds
  An iguana (D:4)
  3 orc wizards (D:5)
  Robin (D:4)
  5 gnolls
  6 adders
  A shadow imp (D:6)
  3 white imps
  5 dart slugs
  37 orcs
  8 endoplasms
  3 giant cockroaches
  13 hobgoblins
  4 quokkas
  10 ball pythons
  5 bats
  2 frilled lizards
  20 goblins
  4 kobolds
  7 rats
172 creatures vanquished.

Vanquished Creatures (others)
  An adder (D:5)
  An orc (Bailey)
2 creatures vanquished.

Grand Total: 174 creatures vanquished

Notes
Turn   | Place    | Note
-------+----------+-------------------------------------------
     0 | D:1      | jagoly the Mummy Brigand began the quest for the Orb.
     0 | D:1      | Reached XP level 1. HP: 16/16 MP: 1/1
    41 | D:1      | Reached skill level 2 in Short Blades
    61 | D:1      | Reached XP level 2. HP: 22/22 MP: 2/2
   525 | D:1      | Found Essassaz's Antique Armour Shoppe.
   740 | D:2      | Reached XP level 3. HP: 27/27 MP: 3/3
   757 | D:2      | Reached skill level 3 in Short Blades
  1446 | D:3      | Reached XP level 4. HP: 33/33 MP: 4/4
  1830 | D:3      | Reached skill level 4 in Short Blades
  1943 | D:3      | Reached skill level 1 in Dodging
  2010 | D:3      | Reached XP level 5. HP: 36/38 MP: 5/5
  2472 | D:3      | Found a faded altar of an unknown god.
  2472 | D:3      | Found a hazy altar of Hepliaklqana.
  2474 | D:3      | Found a faded altar of an unknown god.
  3016 | D:4      | Reached skill level 1 in Shields
  3284 | D:4      | Noticed Blork the orc
  3295 | D:4      | Blork the orc changed into Blork the goblin
  3295 | D:4      | Noticed Blork
  3301 | D:4      | Killed Blork the goblin
  3313 | D:4      | Reached XP level 6. HP: 44/44 MP: 6/6
  3339 | D:4      | Noticed Robin
  3404 | D:4      | Killed Robin
  3546 | D:4      | Found a stormy altar of Qazlal.
  3743 | D:5      | Entered Level 5 of the Dungeon
  3782 | D:5      | Found a radiant altar of Vehumet.
  3958 | D:5      | Reached skill level 5 in Short Blades
  4078 | D:5      | Found an iron altar of Okawaru.
  4090 | D:5      | Reached XP level 7. HP: 29/50 MP: 7/7
  4296 | D:5      | Reached skill level 6 in Short Blades
  4486 | D:5      | Found an ancient bone altar of Kikubaaqudgha.
  4510 | D:5      | Found a shimmering blue altar of Sif Muna.
  4531 | D:5      | Found Jufroi Liwn's Distillery.
  4618 | D:5      | Found an opulent altar of Gozag.
  4926 | D:6      | Reached skill level 7 in Short Blades
  4992 | D:6      | Reached XP level 8. HP: 56/56 MP: 8/8
  5172 | D:6      | Reached skill level 8 in Short Blades
  5237 | D:6      | Found a staircase to the Ecumenical Temple.
  5250 | Temple   | Entered the Ecumenical Temple
  5266 | Temple   | Became a worshipper of Uskayaw the Reveller
  5344 | D:6      | Reached * piety under Uskayaw
  5351 | D:6      | Reached ** piety under Uskayaw
  5359 | D:6      | Reached *** piety under Uskayaw
  5367 | D:6      | Reached **** piety under Uskayaw
  5787 | D:7      | Found Zaegeeda's Weapon Shoppe.
  5820 | D:7      | Found Kastreggi's Book Boutique.
  5989 | D:7      | Reached skill level 5 in Fighting
  5995 | D:7      | Reached skill level 1 in Armour
  6044 | D:7      | Found Cawniog's General Store.
  6048 | D:7      | Bought a scroll of enchant weapon for 97 gold pieces
  6052 | D:7      | Found a runed translucent gate.
  6053 | D:7      | Found a runed translucent gate.
  6053 | D:7      | Found a runed translucent gate.
  6054 | D:7      | Noticed edsrzf's ghost (novice CoGl)
  6055 | D:7      | Noticed Lovepenguin's ghost (novice DgHu)
  6093 | D:7      | Noticed Duvessa
  6094 | D:7      | Noticed Dowan
  6101 | D:7      | Found a flagged portal.
  6179 | Bailey   | Entered a bailey
  6266 | Bailey   | Reached XP level 9. HP: 23/68 MP: 5/9
  6288 | Bailey   | HP: 2/68 [centaur/javelin (5)]
  7128 | Bailey   | Slain by a centaur

Illustrated notes

Levels and vault maps discovered:
D:1:      shiori_arrival_oz, layout_loops_cross, serial_shops, shop
D:2:      layout_basic, feat_on_display
D:3:      layout_basic, nicolae_hepliaklqana_ecumenical_no_more
D:4:      nicolae_cairo_tiling_very_big, layout_cave_pools,
          mainiacjoe_overflow_alcove_4, uniq_robin, uniq_blork_the_orc
D:5:      layout_loops_ring, fiery_altar_vehumet, minitemple,
          old_standard_altar, serial_shops, nicolae_shop_trees
D:6:      layout_rooms, minmay_temple_entry_mist
D:7:      layout_loops_corners, serial_shops, nicolae_shop_rolling_square,
          nicolae_diamond_shop, nicolae_diamond_shop, shop, shop,
          enter_bailey_5, gammafunk_ghost_cemetery, uniq_duvessa,
          uniq_crazy_yiuf_cottage
Temple:   hellmonk_temple_rainy
Bailey:   bailey_polearm_flooded_kennysheep, bailey

Skill      XL: |  1  2  3  4  5  6  7  8  9 |
---------------+----------------------------+-----
Short Blades   | 2 3 4 5 7 8 |  8.7
Dodging        | 1 2 3 |  3.0
Shields        | 2 3 |  3.0
Stealth        | 4 |  4.0
Fighting       | 5 |  5.0
Armour         | 2 3 |  3.0
Throwing       | |  1.5

Action                     |  1- 3 |  4- 6 |  7- 9 || total
---------------------------+-------+-------+-------++-------
  Melee: Dagger            |   118 |   363 |   653 ||  1134
   Fire: Sling             |       |       |   146 ||   146
         Orcbow            |       |       |     8 ||     8
  Throw: Dart              |       |    12 |    33 ||    45
 Invoke: Line Pass         |       |       |     2 ||     2
         Stomp             |       |       |     2 ||     2
  Evoke: Wand              |       |     6 |    10 ||    16
    Use: Scroll            |       |       |     5 ||     5
   Stab: Sleeping          |     8 |     8 |     1 ||    17
         Distracted        |       |     1 |       ||     1
         Paralysed         |       |       |     6 ||     6
 Armour: Robe              |    59 |    97 |       ||   156
         Animal skin       |       |    39 |   234 ||   273
         Ring mail         |       |       |   202 ||   202
  Dodge: Dodged            |    54 |   138 |   369 ||   561
  Block: Buckler           |       |    73 |   212 ||   285

Table legend: (Time is in decaauts)
 A = Elapsed time spent in this place.
 B = Non-inter-level travel time spent in this place.
 C = Inter-level travel time spent in this place.
 D = Time resting spent in this place.
 E = Time spent auto-exploring this place.
 F = Levels seen in this place.
 G = Mean time per level.
                   A        B        C        D        E       F      G
               +--------+--------+--------+--------+--------+-----+--------+
         Total |   6905 |   6541 |    364 |    226 |   3413 |   9 |  767.2 |
       Dungeon |   5938 |   5587 |    351 |    132 |   3365 |   7 |  848.3 |
        Temple |     30 |     17 |     13 |      0 |      0 |   1 |   30.0 |
        Bailey |    936 |    936 |      0 |     94 |     48 |   1 |  936.0 |
               +--------+--------+--------+--------+--------+-----+--------+

Top non-repeatable levels by time:
     D:3: 1395 daAuts
     D:5: 1124 daAuts
  Bailey: 936 daAuts
     D:1: 850 daAuts
     D:4: 733 daAuts
     D:2: 698 daAuts
     D:6: 667 daAuts
     D:7: 469 daAuts
  Temple: 30 daAuts
